 Dungeon Crawl Stone Soup version 0.32-a0-768-g0f6f1dd4b9 (webtiles) character file.

Game seed: 10683936889731972376

9177 hikkokomori the Skirmisher (level 11, -3/89 HPs)
             Began as a Coglin Hunter on Mar 18, 2024.
             Was a High Priest of Okawaru.
             Slain by a catoblepas (12 damage)
             ... while petrified by a catoblepas
             ... on level 8 of the Dungeon.
             The game lasted 00:22:01 (10770 turns).

hikkokomori the Skirmisher (Coglin Hunter)         Turns: 10770, Time: 00:22:01

Health: -3/89      AC: 10    Str: 13    XL:     11   Next: 42%
Magic:  13/13      EV:  2    Int:  6    God:    Okawaru [*****.]
Gold:   592        SH:  0    Dex: 21    Spells: 10/10 levels left

rFire   . . .        a - +3 sling (freeze) {Rubén}
rCold   . . .        d - +0 sling {Tae}
rNeg    + + +        q - +0 steam dragon scales
rPois   ∞            (no helmet)
rElec   +            f - +2 cloak
rCorr   .            (no gloves)
SInv    .            (no boots)
Will    .....        (amulet unavailable)
Stlth   ++           (ring unavailable)
HPRegen 0.34/turn    (ring unavailable)
MPRegen 0.13/turn    (no gizmo)

%: no passive effects
@: petrified, studying Armour, revving
A: off-hand wielding, slow wielding, warmup strikes, no jewellery, iridescent
scales 1, dopey 1, electricity resistance
a: Invent Gizmo, Renounce Religion, Heroism, Finesse, Duel


You were on level 8 of the Dungeon.
You worshipped Okawaru.
Okawaru was extremely pleased with you.
You visited 4 branches of the dungeon, and saw 14 of its levels.

You collected 592 gold pieces.

Inventory:

Hand Weapons
 a - a +3 sling of freezing (weapon) {Rubén}
 d - a +0 sling (offhand) {Tae}
 h - a +1 short sword of protection
Missiles
 i - 2 throwing nets
Armour
 c - a +1 leather armour
 f - a +2 cloak (worn)
 q - +0 steam dragon scales (worn)
 C - a +1 ring mail of fire resistance
Wands
 j - a wand of mindburst (5)
 s - a wand of iceblast (11)
 v - a wand of paralysis (6)
 w - a wand of polymorph (24)
Scrolls
 b - a scroll of butterflies
 g - a scroll of immolation
 l - 3 scrolls of fog
 n - a scroll of fear
 r - 3 scrolls of teleportation
 u - 2 scrolls of noise
 y - a scroll of blinking
 A - a scroll of poison {unknown}
 D - a scroll of identify
Potions
 e - a potion of invisibility {unknown}
 k - a potion of lignification
 m - 2 potions of ambrosia
 o - 3 potions of enlightenment
 p - 3 potions of curing
 t - 3 potions of mutation
 x - a potion of degeneration {unknown}
 z - a potion of magic
 B - 2 potions of brilliance
 E - a potion of attraction {unknown}
 F - a potion of heal wounds


   Skills:
 + Level 9.3 Fighting
 + Level 11.4 Ranged Weapons
 - Level 1.7 Dodging
 - Level 0.7 Stealth
 + Level 3.6 Invocations
 + Level 10.6 Evocations


You had 10 spell levels left.
You didn't know any spells.
Your spell library contained the following spells:

 Spells                   Type           Power      Damage    Failure   Level
 Slow                     Hex            0%         N/A       45%         1
 Confusing Touch          Hex            0%         N/A       83%         3
 Dazzling Flash           Conj/Hex       0%         N/A       83%         3
 Fugue of the Fallen      Necr           0%         N/A       83%         3
 Vampiric Draining        Necr           0%         2d6       83%         3
 Starburst                Conj/Fire      0%         6d3       100%        6
 Orb of Destruction       Conj           0%         9d5       100%        7
 Maxwell's Capacitive Co  Air            0%         ∞         100%        8
 Martyr's Knell           Necr/Summ      Unusable   N/A       N/A         4
 Summon Blazeheart Golem  Fire/Summ      Unusable   N/A       N/A         4
 Spellforged Servitor     Conj/Summ      Unusable   N/A       N/A         7
 Infestation              Necr           Unusable   N/A       N/A         8

Dungeon Overview and Level Annotations

Branches:
Dungeon (11/15)            Temple (1/1) D:6            Lair (1/5) D:8
    Orc (1/2) D:10

Altars:
Ashenzari
Cheibriados
Dithmenos
Elyvilon
Fedhas
Gozag
Hepliaklqana
Kikubaaqudgha
Makhleb
Nemelex Xobeh
Okawaru
Qazlal
Ru
Sif Muna
Trog
Uskayaw
Vehumet
Wu Jian
Xom
Yredelemnul
Zin
The Shining One

Shops:
D:2 [   D:4 *   D:5 [   D:10 =

Annotations:
D:11 Josephine


Innate Abilities, Weirdness & Mutations

You can wield a second weapon in your off-hand.
It takes a long time for you to wield or remove held weapons.
Your first few attacks do less damage.
You cannot equip rings or amulets.
You are partially covered in iridescent scales. (AC +2)
You are dopey. (Int -2)
You are resistant to electric shocks. (rElec)


Message History

You shoot a sling bullet.
The sling bullet closely misses the wolf.
The wolf bites you.
The catoblepas breathes a plume of calcifying dust at you.
The blast of calcifying dust hits you but does no damage.
You shoot a sling bullet.
The sling bullet closely misses the wolf.
You shoot a sling bullet.
The sling bullet closely misses the wolf.
You are engulfed in calcifying dust.
You are slowing down.
The wolf completely misses you. The wolf bites you.
You shoot a sling bullet. The sling bullet hits the wolf.
The sling bullet freezes the wolf.
The wolf is moderately wounded.
You shoot a sling bullet. The sling bullet hits the wolf!
The wolf is severely wounded.
You are engulfed in calcifying dust.
Your limbs have turned to stone.
The wolf bites you. The catoblepas gores you.
The wolf bites you but does no damage. The catoblepas gores you!
You have turned to stone.
You are engulfed in calcifying dust.
The wolf bites you! The catoblepas gores you.
You are engulfed in calcifying dust.
The wolf bites you. The wolf bites you but does no damage.
The catoblepas gores you!!
You are engulfed in calcifying dust.
The wolf bites you but does no damage. x2
The catoblepas gores you!!
* * * LOW HITPOINT WARNING * * *
The wolf bites you.
* * * LOW HITPOINT WARNING * * *
The catoblepas gores you but does no damage.
The wolf bites you but does no damage. The wolf bites you!
* * * LOW HITPOINT WARNING * * *
The catoblepas gores you!
* * * LOW HITPOINT WARNING * * *
The wolf bites you but does no damage. The wolf bites you.
* * * LOW HITPOINT WARNING * * *
The catoblepas gores you!!
You die...

..........# #.#.# #..)
..........# #.#.# ####
..........# #.#.####..
..........# #........#
..).......# #........#
........^.# #........#
..........# #.#......#
########..# ###
#.######## ##.######@#
#...[..### #......Yh#
######...[ #.....####
########## #.....###
#......#..
#.......########.####...#
####...........#.#...).##
#..........=#.#)...##
#...........#.).######
#...........#.).#.....


You could see a catoblepas and a wolf.

Vanquished Creatures
  3 two-headed ogres
  Pikel (D:6)
  A kobold demonologist (D:9)
  Jeremiah (D:6)
  A rime drake (Lair:1)
  2 trolls (D:10)
  A hornet (D:6)
  A wraith (D:10)
  A shadow (D:10)
  3 yaks (D:8)
  3 steam dragons
  Menkaure (D:5)
  A sky beast (D:7)
  3 black bears (D:5)
  An ice beast (D:6)
  5 orc warriors
  2 wolves (D:8)
  2 boggarts (D:7)
  4 centaurs
  An ogre (D:6)
  2 lemures (D:5)
  2 phantoms
  A kobold brigand (D:6)
  2 gnoll sergeants
  2 scorpions
  10 wights
  9 killer bees
  A bombardier beetle (D:3)
  A howler monkey (D:9)
  4 hounds
  A jelly (D:8)
  A gnoll bouda (D:7)
  9 orc priests
  Crazy Yiuf (D:6)
  A sleepcap (D:6)
  3 iguanas
  11 orc wizards
  Ijyb (D:4)
  17 gnolls
  5 adders
  A shadow imp (D:6)
  2 white imps (D:6)
  8 ufetubi
  A dart slug (D:5)
  4 ribbon worms
  44 orcs
  6 bats
  4 endoplasms
  A giant cockroach (D:3)
  7 goblins
  4 hobgoblins
  2 jackals (D:3)
  2 quokkas
  6 ball pythons
  2 frilled lizards
  10 kobolds
  5 rats
231 creatures vanquished.

Notes
Turn   | Place    | Note
-------+----------+-------------------------------------------
     0 | D:1      | hikkokomori the Coglin Hunter began the quest for the Orb.
     0 | D:1      | Reached XP level 1. HP: 16/16 MP: 1/1
    96 | D:1      | Found a faded altar of an unknown god.
   259 | D:1      | Reached XP level 2. HP: 22/22 MP: 2/2
   290 | D:1      | Reached skill level 4 in Ranged Weapons
   531 | D:2      | Reached XP level 3. HP: 28/28 MP: 3/3
   581 | D:2      | Reached XP level 4. HP: 34/34 MP: 4/4
   879 | D:2      | Found Feofu's Armour Emporium.
  1076 | D:3      | Found a snail-covered altar of Cheibriados.
  1164 | D:3      | Found a blossoming altar of Fedhas.
  1290 | D:3      | Reached skill level 5 in Ranged Weapons
  1290 | D:3      | Reached XP level 5. HP: 41/41 MP: 5/5
  1329 | D:3      | You fall into a shaft and drop 2 floors!
  1329 | D:5      | Entered Level 5 of the Dungeon
  1330 | D:5      | Noticed a phantom
  1345 | D:5      | Killed a phantom
  1575 | D:4      | Noticed Ijyb
  1580 | D:4      | Killed Ijyb
  1581 | D:4      | Reached XP level 6. HP: 48/48 MP: 6/6
  1688 | D:4      | Found Kileroh's Assorted Antiques.
  1810 | D:3      | Reached skill level 6 in Ranged Weapons
  1936 | D:3      | Found a basalt altar of Yredelemnul.
  2478 | D:4      | Reached skill level 1 in Evocations
  2478 | D:4      | Reached XP level 7. HP: 55/55 MP: 7/7
  2503 | D:4      | Found a glowing golden altar of the Shining One.
  3212 | D:4      | Gained mutation: You are partially covered in iridescent
                  | scales. (AC +2) [potion of mutation]
  3212 | D:4      | Gained mutation: You are resistant to electric shocks.
                  | (rElec) [potion of mutation]
  3212 | D:4      | Gained mutation: You are dopey. (Int -2) [potion of
                  | mutation]
  3600 | D:5      | Reached skill level 7 in Ranged Weapons
  3683 | D:5      | Reached skill level 5 in Fighting
  3687 | D:5      | Reached XP level 8. HP: 50/62 MP: 8/8
  3808 | D:5      | Found Waakhlio's Armour Emporium.
  3809 | D:5      | Noticed Menkaure
  3814 | D:5      | Killed Menkaure
  3924 | D:5      | Got the Catalogue of Malignant Rites
  4049 | D:6      | Noticed Pikel
  4129 | D:6      | Found a shimmering altar of Xom.
  4420 | D:6      | Reached skill level 8 in Ranged Weapons
  4430 | D:6      | Reached skill level 5 in Evocations
  4483 | D:6      | Killed Pikel
  4484 | D:6      | Reached XP level 9. HP: 41/71 MP: 9/9
  4640 | D:6      | Noticed Jeremiah
  4653 | D:6      | Killed Jeremiah
  4654 | D:6      | Reached skill level 9 in Ranged Weapons
  4894 | D:6      | Found a staircase to the Ecumenical Temple.
  4932 | Temple   | Entered the Ecumenical Temple
  4952 | Temple   | Became a worshipper of Warmaster Okawaru
  5410 | D:6      | Found a runed translucent door.
  5411 | D:6      | Noticed Crazy Yiuf
  5418 | D:6      | Killed Crazy Yiuf
  5461 | D:6      | HP: 1/60 [wight/+0 great sword (16)]
  5467 | D:6      | HP: 2/58 [wight/+0 great sword (6)]
  5708 | D:7      | Noticed a hornet
  5715 | D:6      | Paralysed by a hornet for 3 turns
  5725 | D:6      | Killed a hornet
  5725 | D:6      | Reached * piety under Okawaru
  6117 | D:7      | Reached skill level 10 in Ranged Weapons
  6263 | D:7      | Noticed a two-headed ogre
  6263 | D:7      | Noticed a two-headed ogre
  6275 | D:7      | Killed a two-headed ogre
  6275 | D:7      | Reached ** piety under Okawaru
  6276 | D:7      | Reached XP level 10. HP: 65/80 MP: 10/10
  6283 | D:7      | Killed a two-headed ogre
  6304 | D:7      | Reached *** piety under Okawaru
  6859 | D:8      | Found a staircase to the Lair.
  6923 | D:8      | Reached skill level 1 in Invocations
  7559 | D:9      | Noticed a kobold demonologist
  7568 | D:9      | Killed a kobold demonologist
  7569 | D:9      | Reached skill level 11 in Ranged Weapons
  7802 | D:9      | Found a hide-covered altar of Uskayaw.
  8000 | D:9      | Reached **** piety under Okawaru
  8149 | D:9      | Reached XP level 11. HP: 27/87 MP: 12/12
  9138 | D:10     | Entered Level 10 of the Dungeon
  9375 | D:10     | Reached skill level 10 in Evocations
  9657 | D:10     | Noticed a two-headed ogre
  9667 | D:10     | Killed a two-headed ogre
  9874 | D:10     | Found Rewein's Jewellery Emporium.
 10066 | D:10     | Found a staircase to the Orcish Mines.
 10098 | Orc:1    | Entered Level 1 of the Orcish Mines
 10098 | Orc:1    | Noticed an orc warlord
 10098 | Orc:1    | Noticed an orc sorcerer
 10403 | Lair:1   | Entered Level 1 of the Lair of Beasts
 10405 | Lair:1   | Noticed a catoblepas
 10602 | D:11     | Noticed Josephine
 10602 | D:11     | Noticed a cyclops
 10759 | Lair:1   | Reached ***** piety under Okawaru
 10770 | D:8      | Slain by a catoblepas

Illustrated notes

Levels and vault maps discovered:
D:1:      minmay_arrival_checkered_box, layout_rooms,
          hellmonk_ecumenical_altar_blasted,
          nicolae_concentric_dashed_squares_wild, skrybe_limestone_x
D:2:      layout_rooms, serial_shops, nicolae_diamond_shop
D:3:      layout_loops_corners, mainiacjoe_overflow_small_starburst,
          lemuel_round_altar, mainiacjoe_overflow_surrounded_room,
          minmay_misc_feat_roman, minmay_misc_feat_plants,
          amcnicky_mini_pool_small, minmay_bisected
D:4:      layout_basic, kennysheep_mini_moat, serial_shops, shop, uniq_ijyb
D:5:      minmay_skewed_foursquare, layout_cave_pools, serial_park,
          serial_park_square2, serial_park_tiny_1, serial_park_square1
          [serial_park_minivault_5x5_7], serial_park_tiny_1, serial_shops,
          nicolae_diamond_shop, uniq_menkaure
D:6:      layout_basic, mainiacjoe_overflow_six_doors_small,
          minmay_temple_entry_large_hall, serial_bayou_pond_c, uniq_jeremiah,
          uniq_crazy_yiuf_cottage, uniq_pikel
D:7:      layout_rooms, grunt_decor_one_mirror, nicolae_phantomly_mirrored
D:8:      layout_basic, lair_entry_dummy
D:9:      layout_stronghold, lemuel_coloured_pillars_altar,
          chequers_decorated_corner
D:10:     layout_rooms, hiddenorc1_lemuel, serial_shops,
          nicolae_shop_gaudy_bauble
D:11:     layout_gridville, uniq_josephine
Temple:   eino_temple_scatter_basement
Lair:1:   layout_misc_corridors, lemuel_fruit_fields, grunt_megastairs_5
Orc:1:    layout_caves

Skill      XL: |  1  2  3  4  5  6  7  8  9 10 11 |
---------------+----------------------------------+-----
Ranged Weapons | 4 5 6 7 8 10 11 | 11.4
Fighting       | 3 4 5 6 7 8 9 |  9.3
Evocations     | 1 3 6 8 9 10 | 10.6
Invocations    | 2 3 |  3.6
Dodging        | |  1.7
Stealth        | |  0.7

Action                     |  1- 3 |  4- 6 |  7- 9 | 10-12 || total
---------------------------+-------+-------+-------+-------++-------
  Melee: Sling             |       |       |     8 |       ||     8
   Fire: Sling             |    88 |   322 |   580 |   762 ||  1752
  Evoke: Wand              |       |       |    12 |     1 ||    13
    Use: Potion            |       |       |     6 |     1 ||     7
         Scroll            |       |       |    13 |     3 ||    16
 Armour: Leather armour    |     3 |    42 |   158 |    21 ||   224
         Steam dragon scal |       |       |       |   181 ||   181
  Dodge: Dodged            |     2 |    37 |   109 |   113 ||   261

Table legend: (Time is in decaauts)
 A = Elapsed time spent in this place.
 B = Non-inter-level travel time spent in this place.
 C = Inter-level travel time spent in this place.
 D = Time resting spent in this place.
 E = Time spent auto-exploring this place.
 F = Levels seen in this place.
 G = Mean time per level.
                   A        B        C        D        E       F      G
               +--------+--------+--------+--------+--------+-----+--------+
         Total |  10817 |  10198 |    619 |   1349 |   7319 |  14 |  772.6 |
       Dungeon |  10750 |  10146 |    604 |   1349 |   7319 |  11 |  977.3 |
        Temple |     33 |     20 |     13 |      0 |      0 |   1 |   33.0 |
          Lair |     31 |     31 |      0 |      0 |      0 |   1 |   31.0 |
  Orcish Mines |      1 |      1 |      0 |      0 |      0 |   1 |    1.0 |
               +--------+--------+--------+--------+--------+-----+--------+

Top non-repeatable levels by time:
     D:9: 1854 daAuts
     D:6: 1780 daAuts
     D:8: 1190 daAuts
     D:4: 1117 daAuts
     D:3: 1082 daAuts
    D:10: 1050 daAuts
     D:5: 967 daAuts
     D:7: 732 daAuts
     D:1: 508 daAuts
     D:2: 465 daAuts
  Temple: 33 daAuts
  Lair:1: 31 daAuts
   Orc:1: 1 daAuts
    D:11: 1 daAuts
